 Dungeon Crawl Stone Soup version 0.23.2-1-ga50397a (webtiles) character file.

Game seed: 10307406878391066722

88 GuyDeFluk the Skirmisher (level 4, -8/42 HPs)
             Began as a Hill Orc Abyssal Knight on Apr 19, 2019.
             Was a Believer of Lugonu.
             Mangled by a wyvern (12 damage)
             ... on level 3 of the Dungeon.
             The game lasted 00:14:34 (2429 turns).

GuyDeFluk the Skirmisher (Hill Orc Abyssal Knight)  Turns: 2429, Time: 00:14:36

Health: -8/42      AC: 10    Str: 15    XL:     4   Next: 53%
Magic:  5/6        EV:  6    Int: 12    God:    Lugonu [**....]
Gold:   56         SH:  0    Dex: 10    Spells: 3/3 levels left

rFire    . . .     SeeInvis .   a - +1 hand axe
rCold    . . .     Gourm    .   (no shield)
rNeg     . . .     Faith    .   m - -1 chain mail (curse)
rPois    .         Spirit   .   (no helmet)
rElec    .         Reflect  .   (no cloak)
rCorr    .         Harm     .   f - +0 pair of gloves
MR       .....                  (no boots)
Stlth    ..........             (no amulet)
HPRegen  0.14/turn              e - +2 ring of protection
MPRegen  0.10/turn              (no ring)

@: no status effects
A: no striking features
a: Depart the Abyss, Bend Space, Renounce Religion


You were on level 3 of the Dungeon.
You worshipped Lugonu.
Lugonu was pleased with you.
You were not hungry.

You visited 1 branch of the dungeon, and saw 3 of its levels.
You visited the Abyss 1 time.

You collected 56 gold pieces.

Inventory:

Hand Weapons
 a - a +1 hand axe (weapon)
Armour
 b - a +0 leather armour
 f - a +0 pair of gloves (worn)
 m - a cursed -1 chain mail (worn)
Jewellery
 e - a +2 ring of protection (left hand)
Scrolls
 g - a scroll of teleportation
 n - a scroll of enchant weapon {unknown}
Potions
 d - a potion of mutation {unknown}
 i - a potion of might {unknown}
 j - 2 potions of curing {unknown}
 k - 2 potions of heal wounds {unknown}
 l - a potion of haste {unknown}
 o - a potion of ambrosia {unknown}
Comestibles
 c - 4 rations
 h - 4 chunks of flesh


   Skills:
 + Level 5.4 Fighting
 - Level 2.7 Axes
 * Level 2.2 Armour
 - Level 0.7 Dodging
 * Level 3.9 Invocations


You had 3 spell levels left.
You didn't know any spells.
Your spell library was empty.

Dungeon Overview and Level Annotations

Branches:
Dungeon (3/15)

Altars:
Ashenzari
Fedhas
Okawaru
Qazlal
Trog

Annotations:
D:2 Jessica


Message History

The kobold shouts!
A wyvern comes into view.
Your chain mail prevents you from hitting the kobold.
The kobold hits you.
Okay, then.
Press: ? - help, v - describe, . - travel
Here: a wyvern The floor.
There is an open door here.
The wyvern bites you!
You open the door. The wyvern bites you. The kobold closely misses you.
The wyvern hisses menacingly.
The wyvern bites you!
There is an open door here.
The wyvern barely misses you. The wyvern bites you!
* * * LOW HITPOINT WARNING * * *
Space bends around you!
You blink.
The wyvern bites you!
You die...

########## ##########
#........# #........#
#.######.####### #.######.#
#..##..........# #.# #.#
##...#.##.#####.# #.#
####.######.@l......# #.# #.#
#.......)...ยง....#### #.#
#.###.##.########K###########.#
#.#........# #.# #....##)#
#.#.#.##.#.# #.# #.##.##.#
#.<......#.# ##'## #.##.##?#
###.#..###.# ##...## #.#.....#
#.##.###.# ##.....###.#..####
#.##..##.###.......##)#...##


You could see a wyvern and a kobold.

Vanquished Creatures
  2 adders (D:2)
  2 worms
  3 dart slugs
  4 giant cockroaches
  13 goblins
  4 hobgoblins
  2 jackals (D:3)
  A quokka (D:3)
  9 bats
  4 frilled lizards (D:1)
  8 kobolds
  6 rats
58 creatures vanquished.

Notes
Turn   | Place    | Note
-------+----------+-------------------------------------------
     0 | Abyss:1  | GuyDeFluk the Hill Orc Abyssal Knight began the quest for
                  | the Orb.
     0 | Abyss:1  | Reached XP level 1. HP: 19/19 MP: 2/2
     1 | Abyss:1  | Found a corrupted altar of Lugonu.
    13 | D:1      | Escaped the Abyss
   139 | D:1      | Reached skill level 4 in Fighting
   142 | D:1      | Reached XP level 2. HP: 10/27 MP: 4/4
   751 | D:1      | Reached ** piety under Lugonu
   850 | D:1      | Reached XP level 3. HP: 31/34 MP: 5/5
  1248 | D:2      | Reached skill level 5 in Fighting
  1337 | D:2      | Found a bloodstained altar of Trog.
  1339 | D:2      | Found an iron altar of Okawaru.
  1340 | D:2      | Found a shattered altar of Ashenzari.
  1352 | D:2      | Found a stormy altar of Qazlal.
  1595 | D:2      | Reached XP level 4. HP: 33/42 MP: 6/6
  1617 | D:2      | Found a blossoming altar of Fedhas.
  2032 | D:2      | Noticed Jessica
  2408 | D:3      | Noticed a wyvern
  2429 | D:3      | Mangled by a wyvern

Skill      XL: |  1  2  3 |
---------------+----------+-----
Fighting       | 4 5 |  5.4
Invocations    | 3 |  3.9
Axes           | |  2.7
Armour         | |  2.2
Dodging        | |  0.7

Action                   |  1- 3 |  4- 6 || total
-------------------------+-------+-------++-------
Melee: Hand axe          |   140 |    66 ||   206
Invok: Bend Space        |       |     1 ||     1
  Use: Scroll            |     4 |     3 ||     7
  Eat: Chunk             |     2 |     3 ||     5
Armor: Leather armour    |    31 |       ||    31
       Chain mail        |    45 |    46 ||    91
Dodge: Dodged            |    69 |    24 ||    93
